 Dungeon Crawl Stone Soup version 0.31-a0-187-gba352fbbf7 (webtiles) character file.

Game seed: 17782357434096490589

790 qw the Skirmisher (level 7, 0/40 HPs)
             Began as a Deep Elf Hunter on June 22, 2023.
             Succumbed to a gnoll sergeant's poison
             ... on level 5 of the Dungeon.
             The game lasted 00:01:55 (4341 turns).

qw the Skirmisher (Deep Elf Hunter)                 Turns: 4341, Time: 00:01:55

Health: 0/40       AC: 14    Str: 10    XL:     7   Next: 57%
Magic:  9/9        EV: 11    Int: 14    God:
Gold:   263        SH:  0    Dex: 18    Spells: 6/6 levels left

rFire   . . .        h - +0 orcbow
rCold   . . .        (shield currently unavailable)
rNeg    . . .        a - +0 ring mail
rPois   .            d - +2 helmet
rElec   .            (no cloak)
rCorr   .            l - +0 pair of gloves
SInv    .            e - +0 pair of boots
Will    .....        (no amulet)
Stlth   +            g - +4 ring of protection
HPRegen 0.26/turn    (no ring)
MPRegen 0.11/turn

%: no passive effects
@: lethally poisoned (0 -> -23)
A: no striking features
a: no special abilities


You were on level 5 of the Dungeon.
You visited 1 branch of the dungeon, and saw 5 of its levels.

You collected 319 gold pieces.
You spent 56 gold pieces at shops.


   Skills:
 - Level 2.0 Fighting
 + Level 11.4 Ranged Weapons
 - Level 1.3 Armour
 - Level 3.5 Dodging
 - Level 1.2 Stealth


You had 6 spell levels left.
You didn't know any spells.
Your spell library was empty.

Inventory:

Hand Weapons
 h - a +0 orcbow (weapon)
Armour
 a - a +0 ring mail (worn)
 d - a +2 helmet (worn)
 e - a +0 pair of boots (worn)
 l - a +0 pair of gloves (worn)
Jewellery
 g - a +4 ring of protection (left hand)
Scrolls
 c - 2 scrolls of identify
Potions
 b - a potion of haste {unknown}
 f - a potion of curing
 j - 3 potions of mutation
 k - a potion of magic {unknown}
 m - a potion of attraction {unknown}

Dungeon Overview and Level Annotations

Branches:
Dungeon (5/15)
 Temple: D:4-7

Altars:
Hepliaklqana

Shops:
D:2 ?   D:3 =

Annotations:
D:5 exclusion: 4 gnoll sergeants


Message History

Enter note:
Enter note:
Enter note:
Enter note:
Enter note:
Enter note:
Enter note:
Enter note:
Enter note:
Enter note:
Enter note:
Enter note:
Enter note:
Enter note: The gnoll sergeant misses you.
There is an open door here.
You start resting.
A gnoll sergeant is nearby!
You shoot an arrow.
The arrow barely misses the gnoll sergeant.
The gnoll sergeant barely misses you.
You shoot an arrow. The arrow hits the gnoll sergeant.
The gnoll sergeant is severely wounded.
The gnoll sergeant hits you but does no damage.
You are poisoned.
The gnoll sergeant hits you with a +0 trident of venom!
You are lethally poisoned!
You shoot an arrow. The arrow hits the gnoll sergeant.
The gnoll sergeant is almost dead.
You feel very sick. The gnoll sergeant closely misses you.
You shoot an arrow.
The arrow hits the gnoll sergeant but does no damage.
The gnoll sergeant is almost dead.
You feel very sick.
The gnoll sergeant hits you but does no damage.
You are more poisoned.
You shoot an arrow.
The arrow barely misses the gnoll sergeant.
You die...

#...#..........+...........
######################...........
#...................##........<..
#.###########.....#.##...........
#.#######...........########.....
..............).....#............
#.#######.###.......#............
#.#........##....g..#............
..#.#####..#####@#..#............
..#........# #.#.g#.).....#####
..#..#####.# #^#....).)........
#.########.# #.#...............
.........#%# #.################
#.######.#.# #.# #......#.#.# #.#
.......#.#.# #.# #####..#.#.#####


You could see a gnoll sergeant.

Vanquished Creatures
  A centaur (D:4)
  A phantom (D:4)
  A scorpion (D:4)
  2 hounds
  A gnoll bouda (D:3)
  Jessica (D:3)
  A sleepcap (D:4)
  2 iguanas
  Robin (D:3)
  8 gnolls
  8 river rats (D:5)
  6 adders
  A white imp (D:5)
  An ufetubus (D:4)
  4 worms
  6 dart slugs
  9 orcs
  5 endoplasms
  8 giant cockroaches
  14 goblins
  8 hobgoblins
  4 jackals (D:4)
  7 kobolds
  9 quokkas
  6 ball pythons
  3 bats
  7 frilled lizards
  23 rats
148 creatures vanquished.

Notes
Turn   | Place    | Note
-------+----------+-------------------------------------------
     0 | D:1      | qw the Deep Elf Hunter began the quest for the Orb.
     0 | D:1      | Reached XP level 1. HP: 12/12 MP: 3/3
     0 | D:1      | 0 ||| qw: Version: 0.3-a-9-g12657ce
     0 | D:1      | 0 ||| qw: Game counter: 2076
     0 | D:1      | 0 ||| qw: Always use a shield: true
     0 | D:1      | 0 ||| qw: God list: Okawaru
     0 | D:1      | 0 ||| qw: Allow faded altars: false
     0 | D:1      | 0 ||| qw: Do Orc after D:15 true
     0 | D:1      | 0 ||| qw: Do second Lair branch before Depths: true
     0 | D:1      | 0 ||| qw: Lair rune preference: random
     0 | D:1      | 0 ||| qw: Plans: Normal
     0 | D:1      | 0 ||| PLANNING D:1-11
   148 | D:1      | Reached XP level 2. HP: 16/16 MP: 4/4
   151 | D:1      | Reached skill level 6 in Ranged Weapons
   391 | D:1      | Reached XP level 3. HP: 20/20 MP: 5/5
   483 | D:1      | 483 ||| UPGRADING to +0 scale mail.
   493 | D:1      | 493 ||| DROPPING +0 leather armour.
   494 | D:1      | 494 ||| READING scroll labelled VOULLE COMUU.
   495 | D:1      | 495 ||| READING scroll labelled POCSOHAFF REIKK.
   499 | D:1      | 499 ||| READING scroll labelled KUNICE ZAOG.
   500 | D:1      | 500 ||| DROPPING scroll of butterflies.
   705 | D:2      | Reached skill level 7 in Ranged Weapons
   745 | D:2      | 745 ||| FLEEEEING.
   802 | D:2      | Found Coufyrara's Magic Scroll Boutique.
   813 | D:2      | 813 ||| SHOPLISTING scroll of enchant armour (105 gold,
                  | have 80).
   813 | D:2      | 813 ||| BUYING scroll of identify (28 gold).
   813 | D:2      | Bought a scroll of identify for 28 gold pieces
   813 | D:2      | 813 ||| BUYING scroll of identify (28 gold).
   813 | D:2      | Bought a scroll of identify for 28 gold pieces
   813 | D:2      | 813 ||| SHOPLISTING scroll of teleportation (42 gold, have
                  | 24).
  1236 | D:2      | 1236 ||| UPGRADING to +2 helmet.
  1241 | D:2      | 1241 ||| UPGRADING to +4 ring of protection.
  1242 | D:2      | 1242 ||| READING scroll labelled OSIHUKHICASM.
  1282 | D:2      | 1282 ||| DRINKING 2 sedimented silvery potions.
  1283 | D:2      | 1283 ||| READING 3 scrolls of identify.
  1283 | D:2      | 1283 ||| IDENTIFYING glowing green potion
  1284 | D:2      | 1284 ||| READING 2 scrolls of identify.
  1284 | D:2      | 1284 ||| IDENTIFYING murky red potion
  1285 | D:2      | 1285 ||| DROPPING potion of degeneration.
  1294 | D:3      | Noticed Robin
  1301 | D:3      | Reached XP level 4. HP: 21/25 MP: 6/6
  1316 | D:3      | Killed Robin
  1317 | D:3      | 1317 ||| FLEEEEING.
  1318 | D:3      | 1318 ||| FLEEEEING.
  1319 | D:3      | 1319 ||| STAIRDANCE
  1402 | D:3      | Found Bakhlom's One-of-a-Kind Rings.
  1406 | D:3      | 1406 ||| SHOPLISTING +2 ring of slaying (273 gold, have
                  | 24).
  1406 | D:3      | 1406 ||| SHOPLISTING +6 ring of protection (1014 gold, have
                  | 24).
  1406 | D:3      | 1406 ||| SHOPLISTING +8 ring of strength (715 gold, have
                  | 24).
  1406 | D:3      | 1406 ||| SHOPLISTING ring of Morality {Str+6 Int+5} (695
                  | gold, have 24).
  1406 | D:3      | 1406 ||| SHOPLISTING ring of Piseo {rPois rC+} (442 gold,
                  | have 24).
  1406 | D:3      | 1406 ||| SHOPLISTING ring of the Mackerel {Drain Will+
                  | Str+6 Dex+6} (722 gold, have 24).
  1640 | D:3      | Reached skill level 8 in Ranged Weapons
  1902 | D:3      | Reached XP level 5. HP: 29/29 MP: 7/7
  1922 | D:3      | Noticed Jessica
  1942 | D:3      | Killed Jessica
  2044 | D:3      | Found a hazy altar of Hepliaklqana.
  2169 | D:3      | HP: 5/29 [gnoll/+0 club (3)]
  2170 | D:3      | 2170 ||| READING scroll of teleportation.
  2172 | D:3      | Reached skill level 9 in Ranged Weapons
  2440 | D:3      | Reached skill level 1 in Armour
  2588 | D:3      | 2588 ||| UPGRADING to +0 ring mail.
  2598 | D:3      | 2598 ||| DROPPING +0 scale mail.
  2599 | D:3      | 2599 ||| READING 2 scrolls labelled ICKIER OFICSIVEV.
  2600 | D:3      | 2600 ||| READING 3 scrolls labelled JEC FAIG OPE.
  2601 | D:3      | 2601 ||| READING 2 scrolls of enchant weapon.
  2601 | D:3      | 2601 ||| ENCHANTING +1 shortbow.
  2602 | D:3      | 2602 ||| READING scroll of enchant weapon.
  2602 | D:3      | 2602 ||| ENCHANTING +2 shortbow.
  2603 | D:3      | 2603 ||| DRINKING 2 clear potions.
  2604 | D:3      | 2604 ||| DROPPING scroll of blinking.
  2658 | D:4      | Reached XP level 6. HP: 35/35 MP: 8/8
  3066 | D:4      | 3066 ||| READING scroll labelled DINUUQ BEMASCH.
  3067 | D:4      | 3067 ||| READING 3 scrolls of identify.
  3067 | D:4      | 3067 ||| IDENTIFYING coppery potion
  3068 | D:4      | 3068 ||| DROPPING potion of ambrosia.
  3071 | D:4      | 3071 ||| FLEEEEING.
  3073 | D:4      | 3073 ||| STAIRDANCE
  3332 | D:4      | 3332 ||| UPGRADING to +0 pair of boots.
  3366 | D:5      | Entered Level 5 of the Dungeon
  3368 | D:5      | 3368 ||| STAIRDANCE
  3384 | D:5      | 3384 ||| STAIRDANCE
  3388 | D:4      | Reached skill level 10 in Ranged Weapons
  3400 | D:4      | Reached skill level 3 in Dodging
  3485 | D:5      | 3485 ||| STAIRDANCE
  3488 | D:4      | Reached XP level 7. HP: 36/40 MP: 9/9
  3510 | D:5      | 3510 ||| STAIRDANCE
  3566 | D:4      | 3566 ||| SWAPPING to +0 orcbow.
  3567 | D:4      | 3567 ||| DROPPING +3 shortbow.
  3763 | D:5      | Reached skill level 11 in Ranged Weapons
  4047 | D:5      | HP: 7/40 [gnoll sergeant/+0 trident of venom (8)]
  4048 | D:5      | 4048 ||| READING scroll of teleportation.
  4048 | D:5      | HP: 3/40 [gnoll/+2 spear of distortion[a gnoll sergeant]
                  | (2)]
  4049 | D:5      | 4049 ||| DRINKING 2 potions of heal wounds.
  4050 | D:5      | 4050 ||| DRINKING potion of heal wounds.
  4323 | D:5      | 4323 ||| DRINKING 2 potions of curing.
  4323 | D:5      | 4323 ||| (to cure poison)
  4328 | D:5      | 4328 ||| UPGRADING to +0 pair of gloves.
  4339 | D:5      | HP: 8/40 [poisoned by a gnoll sergeant]
  4341 | D:5      | Succumbed to a gnoll sergeant's poison

Levels and vault maps discovered:
D:1:      dpeg_arrival_refuge, layout_basic
D:2:      layout_loops_ring, serial_shops, nicolae_shop_trees
D:3:      minmay_door_path, layout_basic, nicolae_overflow_hidden_temple,
          grunt_decor_cap, nicolae_shop_unique_rings, uniq_robin, uniq_jessica
D:4:      layout_loops_ring, patterned_corridor
D:5:      lemuel_ratsnest, layout_basic, lightli_minifort

Skill      XL: |  1  2  3  4  5  6  7 |
---------------+----------------------+-----
Ranged Weapons | 6 7 8 9 10 11 | 11.4
Armour         | 1 |  1.3
Fighting       | 2 |  2.0
Dodging        | 3 |  3.5
Stealth        | |  1.2

Action                     |  1- 3 |  4- 6 |  7- 9 || total
---------------------------+-------+-------+-------++-------
   Fire: Shortbow          |   116 |   209 |     6 ||   331
         Orcbow            |       |       |   122 ||   122
    Use: Scroll            |     6 |     7 |     1 ||    14
         Potion            |     1 |     1 |     3 ||     5
 Armour: Scale mail        |    21 |    88 |       ||   109
         Ring mail         |       |    32 |    38 ||    70
  Dodge: Dodged            |    15 |    57 |    51 ||   123

Table legend:
 A = Non-vault XP
 B = Vault XP
 C = Vault XP percentage of total XP
 D = Non-vault monster count
 E = Vault monster count
 F = Vault count percentage of total count
                 A         B        C        D         E       F
            +---------+---------+-------+---------+---------+-------
      Total |     821 |     308 |  27.3 |      99 |      49 |  33.1
            +---------+---------+-------+---------+---------+-------
        D:1 |      44 |       0 |   0.0 |      25 |       0 |   0.0
        D:2 |      45 |       0 |   0.0 |      21 |       0 |   0.0
        D:3 |     146 |     114 |  43.8 |      21 |      15 |  41.7
        D:4 |     501 |       0 |   0.0 |      25 |       0 |   0.0
        D:5 |      85 |     194 |  69.5 |       7 |      34 |  82.9
            +---------+---------+-------+---------+---------+-------
